 Dungeon Crawl Stone Soup version 0.26.1-11-gd32895ea62 (webtiles) character file.

Game seed: 3905987562894756627

51 DildoBatman the Conjurer (level 4, -4/30 HPs)
             Began as a Formicid Conjurer on July 21, 2021.
             Slain by a worker ant (8 damage)
             ... on level 4 of the Dungeon.
             The game lasted 00:03:33 (1057 turns).

DildoBatman the Conjurer (Formicid Conjurer)        Turns: 1057, Time: 00:03:34

Health: -4/30      AC:  2    Str: 12    XL:     4   Next: 5%
Magic:  5/7        EV: 12    Int: 17    God:
Gold:   57         SH:  0    Dex: 10    Spells: 4/7 levels left

rFire    + . .     SeeInvis +   a - +0 hunting sling
rCold    . . .     Faith    .   (no shield)
rNeg     . . .     Spirit   .   j - +0 robe
rPois    .         Reflect  .   (helmet unavailable)
rElec    .         Harm     .   (no cloak)
rCorr    .         Rampage  .   (no gloves)
Will     .....                  (no boots)
Stlth    ++........             (no amulet)
HPRegen  0.10/turn              e - ring of protection from fire
MPRegen  0.10/turn              (no ring)

@: lethally poisoned (-4 -> -9)
A: permanent stasis, dig shafts and tunnels, four strong arms, antennae 3
a: Dig, Shaft Self


You were on level 4 of the Dungeon.
You visited 1 branch of the dungeon, and saw 3 of its levels.

You collected 57 gold pieces.

Inventory:

Hand Weapons
 a - a +0 hunting sling (weapon)
Missiles
 h - 67 stones (quivered ammo)
 i - 21 bolts
 l - 16 sling bullets
Armour
 j - a +0 robe (worn)
Jewellery
 e - a ring of protection from fire (left hand)
Scrolls
 b - a scroll of enchant weapon {unknown}
 c - 2 scrolls of identify {unknown}
Potions
 d - a potion of brilliance {unknown}
 f - a potion of might {unknown}
 g - a potion of flight {unknown}
 k - a potion of curing {unknown}


   Skills:
 - Level 1.7 Dodging
 - Level 2.4 Stealth
 - Level 2.1 Spellcasting
 * Level 4.9 Conjurations


You had 4 spell levels left.
You knew the following spells:

 Your Spells              Type           Power        Failure   Level
a - Searing Ray           Conj           36%          3%          2
c - Magic Dart            Conj           72%          2%          1

Your spell library contained the following spells:

 Spells                   Type           Power        Failure   Level
 Dazzling Flash           Conj/Hex       20%          21%         3
 Fulminant Prism          Conj/Hex       5%           56%         4
 Iskenderun's Mystic Bla  Conj/Tloc      10%          56%         4


Dungeon Overview and Level Annotations

Branches:
Dungeon (2/15)

Altars:


Innate Abilities, Weirdness & Mutations

You cannot be hasted, slowed, berserked, paralysed or teleported.
You can dig through walls and to a lower floor.
Your four strong arms can wield two-handed weapons with a shield.
You have a pair of large antennae on your head. (SInv)


Message History

What are your orders? t - Shout!
Orders for allies: a - Attack new target. r - Retreat! s - Stop attacking. g - Guard the area. f - Follow me.
Anything else - Cancel.
You shout for attention!
The worker ant bites you.
You are lethally poisoned!
The worker ant poisons you! What are your orders? t - Shout!
Orders for allies: a - Attack new target. r - Retreat! s - Stop attacking. g - Guard the area. f - Follow me.
Anything else - Cancel.
You shout for attention!
You feel sick. The worker ant bites you!
You die...

##.#
#..
#..
#..
#.#
#.#
####B#
#...@#
#.####
{ {


You could see a worker ant.

Vanquished Creatures
  2 adders (D:2)
  A worm (D:2)
  A dart slug (D:1)
  2 ball pythons
  2 goblins
  2 hobgoblins
  9 jackals (D:2)
  4 kobolds
  3 rats
  2 butterflies (D:1)
28 creatures vanquished.

Vanquished Creatures (others)
  7 toadstools (D:2)
7 creatures vanquished.

Grand Total: 35 creatures vanquished

Notes
Turn   | Place    | Note
-------+----------+-------------------------------------------
     0 | D:1      | DildoBatman the Formicid Conjurer began the quest for the
                  | Orb.
     0 | D:1      | Reached XP level 1. HP: 13/13 MP: 3/3
   208 | D:1      | Reached XP level 2. HP: 19/19 MP: 1/5
   211 | D:1      | Learned a level 2 spell: Searing Ray
   250 | D:1      | Reached skill level 4 in Conjurations
   751 | D:2      | Reached XP level 3. HP: 24/24 MP: 2/6
  1039 | D:2      | Reached XP level 4. HP: 23/30 MP: 3/7
  1041 | D:2      | You fall into a shaft and drop 2 floors!
  1057 | D:4      | Slain by a worker ant

Illustrated notes

Levels and vault maps discovered:
D:1:      dpeg_arrival_renting, layout_rooms, serial_aquarium,
          aquarium_bridge_straight [aquarium_subvault_bridge,
          aquarium_subvault_wall, aquarium_subvault_bridge,
          aquarium_subvault_wall], aquarium_window_1,
          aquarium_window_corridor_1, aquarium_view_2a
D:2:      cheibrodos_fertilizer, layout_loops_ring, general_overflow_altar,
          lemuel_round_altar, ashenzari_altar_1, chequers_garden
D:4:      minmay_polygon_palace, layout_loops_ring, fedhas_ov_isle_minmay,
          kennysheep_slug_shrine, tso_oasis_becter

Skill      XL: |  1  2 |
---------------+-------+-----
Conjurations   | 4 |  4.9
Dodging        | |  1.7
Stealth        | |  2.4
Spellcasting   | |  2.1

Action                   |  1- 3 |  4- 6 || total
-------------------------+-------+-------++-------
Melee: Club              |     5 |       ||     5
 Fire: Hunting sling     |    52 |       ||    52
 Cast: Magic Dart        |    17 |       ||    17
       Searing Ray       |     7 |       ||     7
 Abil: Dig               |     6 |       ||     6
       Shaft Self        |       |     1 ||     1
Armor: Robe              |     7 |       ||     7
Dodge: Dodged            |    19 |     7 ||    26
